 Dungeon Sprint DCSS version 0.31-a0-75-g6fe912e8c5 (webtiles) character file.

Game seed: 11205012105131176997

317 sircluck the Skirmisher (level 6, -2/49 HPs)
             Began as a Formicid Hunter on May 23, 2023.
             Slain by a purple draconian
             ... wielding a +0 trident
              (16 damage)
             ... in the Dungeon (Sprint V: "Ziggurat Sprint").
             The game lasted 00:02:54 (146 turns).

sircluck the Skirmisher (Formicid Hunter)            Turns: 146, Time: 00:02:55

Health: -2/49      AC:  9    Str: 15    XL:     6   Next: 73%
Magic:  6/6        EV: 15    Int:  9    God:
Gold:   0          SH:  0    Dex: 34    Spells: 5/5 levels left

rFire   . . .        A - +27 heavy crossbow "Sniper" {heavy, Acc+∞ SInv}
rCold   . . .        C - orb {mayhem}
rNeg    . . .        E - +3 leather armour "Maytho" {Fly Slay+2}
rPois   .            (helmet unavailable)
rElec   .            (no cloak)
rCorr   .            F - +2 pair of gloves {Dex+3}
SInv    +            (no boots)
Will    .....        (no amulet)
Stlth   +++          v - +6 ring of dexterity
HPRegen 0.28/turn    u - +6 ring of dexterity
MPRegen 0.10/turn

%: mayhem
@: flying
A: permanent stasis, dig shafts and tunnels, antennae 3, four strong arms
a: Dig


You were in the Dungeon.
You visited 1 branch

Inventory:

Hand Weapons
 a - a +0 shortbow
 A - the +27 heavy crossbow "Sniper" (weapon) {heavy, Acc+∞ SInv}
   (You found it in the Dungeon)

   Acc+∞: It never misses its target.
   SInv:      It lets you see invisible.
Armour
 c - a +0 leather armour
 B - an orb of guile
 C - an orb of mayhem (worn)
 E - the +3 leather armour "Maytho" (worn) {Fly Slay+2}
   (You found it in the Dungeon)

   Slay:      It affects your accuracy & damage with ranged weapons and melee
   (+2).
   Fly:       It grants you flight.
 F - a +2 pair of gloves of dexterity (worn)
Jewellery
 t - a ring of flight
 u - a +6 ring of dexterity (right hand)
 v - a +6 ring of dexterity (left hand)
 w - a +6 ring of intelligence
 x - a +6 ring of intelligence
 y - a +6 ring of strength
 z - a +6 ring of strength
 G - a ring of protection from cold
Wands
 q - a wand of mindburst (7)
 r - a wand of iceblast (7)
 s - a wand of light (16)
 H - a wand of flame (12)
Scrolls
 b - a scroll of immolation
 g - 4 scrolls of blinking
 m - 4 scrolls of amnesia
 n - 7 scrolls of fog
 o - 5 scrolls of identify
 p - 2 scrolls of fear
 D - a scroll of brand weapon
Potions
 d - 10 potions of curing
 e - 10 potions of heal wounds
 f - 7 potions of magic
 h - 2 potions of brilliance
 i - 2 potions of invisibility
 j - 4 potions of resistance
 k - a potion of experience
 l - 5 potions of might


   Skills:
 + Level 4.5 Fighting
 + Level 12.5 Ranged Weapons
 + Level 1.2 Armour
 + Level 3.6 Dodging
 + Level 1.3 Stealth


You had 5 spell levels left.
You didn't know any spells.
Your spell library contained the following spells:

 Spells                   Type           Power      Damage    Failure   Level
 Cigotuvi's Dreadful Rot  Necr/Pois/Air  0%         N/A       58%         2
 Gell's Gravitas          Tloc           0%         N/A       83%         3
 Inner Flame              Hex/Fire       0%         N/A       83%         3
 Passage of Golubria      Tloc           0%         N/A       99%         4
 Yara's Violent Unravell  Hex/Tmut       0%         3d3       100%        5
 Enfeeble                 Hex            0%         N/A       100%        7
 Borgnjor's Revivificati  Necr           0%         N/A       100%        8
 Necromutation            Tmut/Necr      0%         N/A       100%        8
 Death's Door             Necr           0%         N/A       100%        9


Dungeon Overview and Level Annotations

Branches:
Dungeon (1/1)

Altars:
Ashenzari
Cheibriados
Dithmenos
Elyvilon
Fedhas
Gozag
Hepliaklqana
Kikubaaqudgha
Makhleb
Nemelex Xobeh
Okawaru
Qazlal
Ru
Sif Muna
Trog
Uskayaw
Vehumet
Wu Jian
Xom
Yredelemnul
Zin
The Shining One
Jiyva
Lugonu

Annotations:
D 1 transporter


Innate Abilities, Weirdness & Mutations

You cannot be hasted, slowed, berserked, paralysed or teleported.
You can dig through walls and to a lower floor.
You have a pair of large antennae on your head. (SInv)
Your four strong arms can wield two-handed weapons with a shield.


Message History

H - a wand of flame (12)
You start putting on your armour.
You continue putting on your +2 pair of gloves of dexterity. x4
You finish putting on your +2 pair of gloves of dexterity.
You feel agile.
You see here a +3 scale mail of cold resistance.
Unknown command.
There is a transporter here.
Welcome to arena 5.
You enter the transporter and appear at another place.
A purple draconian and 4 draconians come into view.
The purple draconian roars!
The draconian roars!
Found five items.
Found a transporter.
You can't go down here!
Fire: A) +27 heavy crossbow "Sniper" {heavy, Acc+∞ SInv}
Press: ? - help, Shift-Dir - straight line, f - purple draconian
Aim: a purple draconian, wielding a +0 trident (100% to hit)
You shoot a bolt. The bolt hits the purple draconian!!
The purple draconian is moderately wounded.
Unknown command.
You shoot a bolt. The bolt hits the draconian!!!
The draconian is severely wounded.
The purple draconian breathes dispelling energy at you.
The bolt of dispelling energy misses you.
The draconian completely misses you. The draconian hits you with a +0 mace!
The purple draconian hits you from afar with a +0 trident.
The draconian hits you with a +0 mace! The draconian misses you.
The draconian barely misses you.
The purple draconian hits you from afar with a +0 trident!
You are too injured to fight recklessly!
Fire: A) +27 heavy crossbow "Sniper" {heavy, Acc+∞ SInv}
Press: ? - help, Shift-Dir - straight line, f/p - draconian
Aim: a draconian, wielding a +0 mace (severely wounded, 100% to hit)
You shoot a bolt. The bolt hits the draconian!!!!
You kill the draconian!
The draconian hits you with a +0 club.
The draconian hits you with a +0 dagger.
* * * LOW HITPOINT WARNING * * *
The purple draconian hits you from afar with a +0 trident!
You die...

▓..©..▓..©..▓▓▓▓▓▓▓
▓▓▓▓▓▓▓▓▓▓▓▓▓▓▓▓▓▓▓
▓.†8©8...▓..8©8...▓
▓...[....▓..[))...▓
▓........▓..:.)...▓
▓........▓........▓
▓........▓..dd....▓
{
▓........▓.▓dd..▓.▓
{
▓...©....▓..)@....▓
▓▓▓▓▓▓▓▓▓▓▓▓▓▓▓▓▓▓▓


{{{{ {{{ {{{ {{{ You could see a purple draconian (catching breath) and 3
draconians.

Vanquished Creatures
  A draconian (D)
  2 phantoms (D)
  A bullfrog (D)
  A necrophage (D)
  An iguana (D)
  2 adders (D)
  An ufetubus (D)
  A bat zombie (D)
  A jackal (D)
  A ball python (D)
12 creatures vanquished.

Vanquished Creatures (collateral kills)
  A ball python (D)
  A ball python skeleton (D)
2 creatures vanquished.

Grand Total: 14 creatures vanquished

Notes
Turn   | Place    | Note
-------+----------+-------------------------------------------
     0 | D        | sircluck the Formicid Hunter began the quest for the Orb.
     0 | D        | Reached XP level 1. HP: 16/16 MP: 1/1
     0 | D        | Found a shimmering blue altar of Sif Muna.
     0 | D        | Found a bloodstained altar of Trog.
     0 | D        | Found a sacrificial altar of Ru.
     0 | D        | Found a stormy altar of Qazlal.
     0 | D        | Found an iron altar of Okawaru.
     1 | D        | Found a sparkling altar of Nemelex Xobeh.
     1 | D        | Found a blossoming altar of Fedhas.
     1 | D        | Found the +6 Majin-Bo {spellvamp, MP+6 Int+6}
     1 | D        | Found the +27 heavy crossbow "Sniper" {heavy, Acc+∞ SInv}
     1 | D        | Found the +10 dark maul {heavy}
     1 | D        | Found the +15 Maxwell's patent armour {-Cast -Tele rElec
                  | Will+ rCorr}
     1 | D        | Found the +18 shield of the Gong {Loud rN+ Will+ rCorr
                  | EV-5}
     1 | D        | Found the +16 obsidian axe {drain, demonic, Mesm Drain Fly
                  | SInv}
     1 | D        | Found the +7 great mace "Firestarter" {flame, immolate,
                  | rFlCloud rF++}
     1 | D        | Found the +6 shillelagh "Devastator" {shatter}
     1 | D        | Found the +11 plutonium sword {Contam Stlth-}
     1 | D        | Found the +8 lance "Wyrmbane" {slay drac, rPois rF+ rC+
                  | AC+3}
     1 | D        | Found the +9 sword of Zonguldrok {reap}
     1 | D        | Found the +13 scythe of Curses {drain, curses, Drain}
     1 | D        | Found the +9 sword of Power {lifebolt}
     1 | D        | Found the +7 mace of Variability {chaos, chaos arc}
     1 | D        | Found the +11 Singing Sword {sonic wave}
     1 | D        | Found the +8 storm bow {elec, penet}
     3 | D        | Found a transporter.
     3 | D        | Found an ancient bone altar of Kikubaaqudgha.
     3 | D        | Found a viscous altar of Jiyva.
     3 | D        | Found a corrupted altar of Lugonu.
     3 | D        | Found a hazy altar of Hepliaklqana.
     3 | D        | Found a burning altar of Makhleb.
     3 | D        | Found an opulent altar of Gozag.
    64 | D        | Entered arena 2.
    64 | D        | Found a transporter.
    67 | D        | Reached skill level 5 in Ranged Weapons
    67 | D        | Reached XP level 2. HP: 20/23 MP: 2/2
    74 | D        | Entered arena 3.
    74 | D        | Noticed a bullfrog
    74 | D        | Found a transporter.
    76 | D        | Reached skill level 7 in Ranged Weapons
    76 | D        | Reached XP level 3. HP: 28/28 MP: 3/3
    76 | D        | Killed a bullfrog
    77 | D        | Reached skill level 9 in Ranged Weapons
    77 | D        | Reached XP level 4. HP: 34/35 MP: 4/4
    77 | D        | Reached XP level 5. HP: 39/41 MP: 5/5
    86 | D        | Got the +3 leather armour "Maytho" {Fly Slay+2}
    98 | D        | Entered arena 4.
    98 | D        | Found a transporter.
   107 | D        | Got Ilediov's Parchment of the Non-Euclidean Tincture
   114 | D        | Entered arena 5.
   114 | D        | Noticed a phantom
   114 | D        | Noticed a phantom
   114 | D        | Found a transporter.
   115 | D        | Killed a phantom
   116 | D        | Reached skill level 11 in Ranged Weapons
   116 | D        | Reached skill level 1 in Armour
   116 | D        | Reached XP level 6. HP: 48/48 MP: 6/6
   123 | D        | Reached skill level 12 in Ranged Weapons
   143 | D        | Entered arena 6.
   143 | D        | Noticed a draconian
   143 | D        | Noticed a purple draconian
   143 | D        | Noticed a draconian
   143 | D        | Noticed a draconian
   143 | D        | Noticed a draconian
   143 | D        | Found a transporter.
   146 | D        | Killed a draconian
   146 | D        | Slain by a purple draconian

Illustrated notes

Levels and vault maps discovered:
D:        sprint_v [room_start, room_1, room_2, room_3, room_4, room_5, room_6,
          room_7, room_8, room_9, room_10, room_11, room_12, room_13, room_14,
          room_15, room_16, room_17, room_18, room_19, room_20, room_21,
          room_22, room_23, room_24, room_25, room_26, room_27]

Skill      XL: |  1  2  3  4  5  6 |
---------------+-------------------+-----
Ranged Weapons | 5 7 9 11 12 | 12.5
Dodging        | 2 3 |  3.6
Fighting       | 3 4 |  4.5
Armour         | 1 |  1.2
Stealth        | |  1.3

Action                     |  1- 3 |  4- 6 || total
---------------------------+-------+-------++-------
   Fire: Heavy crossbow    |     4 |    10 ||    14
 Armour: Leather armour    |     1 |     2 ||     3
  Dodge: Dodged            |     9 |     7 ||    16

Table legend: (Time is in decaauts)
 A = Elapsed time spent in this place.
 B = Non-inter-level travel time spent in this place.
 C = Inter-level travel time spent in this place.
 D = Time resting spent in this place.
 E = Time spent auto-exploring this place.
 F = Levels seen in this place.
 G = Mean time per level.
                   A        B        C        D        E       F      G
               +--------+--------+--------+--------+--------+-----+--------+
         Total |    171 |    150 |     21 |      0 |     17 |   1 |  171.0 |
       Dungeon |    171 |    150 |     21 |      0 |     17 |   1 |  171.0 |
               +--------+--------+--------+--------+--------+-----+--------+

Top non-repeatable levels by time:
       D: 171 daAuts
